Map: 10000 Feet LE

Players

Hangover

  • Race: Terran Terran
  • League: Platinum
  • Spawn Location: 5:00

Sindyr - Winner!

  • Race: Zerg Zerg
  • League: Gold
  • Spawn Location: 11:00

VOD

Have the link to the VOD?

Description

Time

  • Played on: Dec. 27, 2025, 5:42 p.m.
  • Length: 24:15
Show
View Real Time Build Order
Export as new Build Order

Hangover Terran 

Build Orders: Mech 

Get SALT Encoding   

  12  0:00  SCV  
  13  0:12  SCV  
  14  0:22  Supply Depot  
  14  0:24  SCV  
  15  0:44  SCV  
  15  0:46  Barracks  
  15  0:48  Refinery  
  16  0:55  Refinery  
  16  0:56  SCV  
  17  1:08  SCV  
  18  1:20  SCV  
  19  1:37  Command Center  
  19  1:38  Barracks Reactor  
  19  2:00  Factory  
  19  2:04  Orbital Command  
  19  2:16  Marine x2  
  21  2:30  SCV  
  22  2:40  Marine  
  22  2:42  Engineering Bay  
  23  2:48  Marine  
  24  2:52  Factory Tech Lab  
  24  2:55  Orbital Command  
  24  2:59  SCV  
  24  3:04  Marine  
  26  3:06  Marine  
  27  3:13  Siege Tank  
  29  3:22  SCV x2  
  31  3:28  Marine x2  
  33  3:42  Supply Depot  
  33  3:46  SCV x2  
  35  3:58  Marine x2  
  35  4:00  Supply Depot  
  37  4:07  Supply Depot  
  37  4:08  Siege Tank  
  40  4:12  Missile Turret  
  40  4:14  Missile Turret  
  40  4:16  SCV  
  41  4:17  SCV  
  41  4:23  Marine  
  41  4:24  Marine  
  44  4:35  Missile Turret  
  44  4:38  SCV  
  44  4:39  SCV  
  46  4:51  SCV x2  
  48  4:54  Marine x2  
  48  4:55  Siege Tank  
  53  5:06  Starport  
  53  5:17  SCV x2  
  53  5:20  Refinery  
  55  5:22  Refinery  
  55  5:26  Command Center  
  55  5:29  SCV x2  
  55  5:32  Siege Tank  
  55  5:35  Marine x2  
  62  5:38  Terran Infantry Weapons Level 1  
  62  5:44  Supply Depot  
  62  5:59  Starport Reactor  
  62  6:05  Marine x2  
  62  6:06  SCV x2, Siege Tank  
  62  6:08  Supply Depot  
  62  6:09  Armory  
  69  6:18  SCV  
  70  6:29  Marine x2, SCV  
  70  6:30  SCV  
  70  6:31  Supply Depot  
  70  6:32  Factory  
  74  6:39  Orbital Command  
  74  6:41  SCV  
  74  6:42  SCV  
  74  6:44  Viking x2  
  80  6:53  Supply Depot  
  80  6:56  SCV  
  80  6:57  SCV  
  80  7:00  Terran Vehicle And Ship Armor Level 1  
  82  7:05  Factory  
  82  7:09  SCV  
  82  7:15  Supply Depot  
  83  7:21  SCV x2  
  83  7:22  SCV  
  86  7:25  Viking x2  
  90  7:31  Factory Reactor  
  90  7:33  Infernal Pre-Igniter  
  90  7:37  Terran Infantry Armor Level 1  
  90  7:38  Supply Depot  
  90  7:48  Barracks  
  90  7:54  Factory Tech Lab, Liberator  
  90  7:55  Liberator  
  96  7:59  Thor, Marine x2  
  96  8:03  Supply Depot  
  104  8:15  Hellbat x2  
  104  8:17  Marine x2  
  110  8:20  Cyclone  
  110  8:25  Refinery  
  113  8:28  Orbital Command  
  113  8:29  Refinery  
  113  8:35  Marine x2  
  113  8:40  Command Center  
  115  8:44  Hellbat x2  
  119  8:52  Siege Tank  
  119  8:53  Marine x2  
  119  8:54  Missile Turret  
  124  9:05  Barracks Tech Lab  
  124  9:09  Liberator x2, Supply Depot  
  130  9:10  Hellbat  
  130  9:14  Missile Turret  
  132  9:26  Stimpack  
  132  9:29  Marine  
  132  9:31  Marine, Marauder, Hellbat  
  138  9:33  Supply Depot  
  138  9:34  Supply Depot  
  138  9:36  Siege Tank  
  141  9:47  Missile Turret  
  141  9:50  Marine x2, Siege Tank  
  140  9:54  Hellbat x2  
  140  9:55  Mag-Field Accelerator  
  140  9:59  Terran Vehicle Weapons Level 1  
  144  10:04  Supply Depot  
  144  10:05  Planetary Fortress  
  144  10:06  Supply Depot  
  144  10:12  Missile Turret  
  144  10:18  Missile Turret  
  144  10:37  Supply Depot, Liberator x2, Missile Turret  
  144  10:38  Supply Depot, Hellbat  
  152  10:43  Sensor Tower  
  152  10:47  SCV  
  152  10:48  SCV x2, Missile Turret  
  155  10:59  Missile Turret  
  155  11:09  Thor  
  155  11:10  Hellbat x2  
  167  11:11  Marauder, Combat Shield  
  167  11:15  Missile Turret  
  167  11:19  SCV  
  167  11:20  SCV x2, Missile Turret  
  170  11:31  SCV  
  170  11:32  SCV x2, Armory  
  173  11:36  Missile Turret  
  173  11:39  Marauder  
  175  11:41  Starport  
  175  11:42  Marine x2  
  175  11:45  Terran Infantry Armor Level 2  
  177  11:47  Hellbat  
  177  11:48  Hellbat  
  177  11:51  Thor  
  177  11:53  Medivac x2  
  191  12:00  Missile Turret  
  191  12:08  Fusion Core  
  191  12:11  Terran Ship Weapons Level 1  
  191  12:15  SCV x3  
  193  12:22  Starport Tech Lab  
  194  12:34  Barracks  
  194  12:36  Missile Turret, Barracks  
  194  12:37  Terran Vehicle And Ship Armor Level 2  
  194  12:42  Barracks  
  194  12:55  Sensor Tower  
  194  13:01  Advanced Ballistics  
  194  13:07  Engineering Bay  
  194  13:10  Missile Turret  
  194  13:20  Sensor Tower  
  194  13:22  Thor  
  200  13:28  Barracks Reactor  
  200  13:29  Barracks Reactor  
  200  13:31  Barracks Tech Lab  
  200  13:38  Ghost Academy  
  200  13:45  Terran Infantry Weapons Level 2  
  200  13:46  Ghost Academy  
  200  13:51  Sensor Tower  
  200  14:04  Terran Infantry Armor Level 3  
  200  14:08  Terran Vehicle Weapons Level 2  
  200  14:10  Concussive Shells  
  200  14:12  Drilling Claws  
  200  14:17  Caduceus Reactor  
  200  14:21  Command Center  
  200  14:23  Command Center  
  200  14:32  Personal Cloaking  
  200  14:33  Nuke  
  200  14:51  Missile Turret  
  200  15:06  Refinery  
  200  15:07  Refinery  
  200  15:13  Missile Turret  
  200  15:54  Command Center  
  200  15:58  Nuke  
  200  15:59  Command Center  
  200  16:01  Hi-Sec Auto Tracking  
  200  16:02  Orbital Command  
  200  16:03  Planetary Fortress  
  144  16:41  Marine x4  
  144  16:42  Marine x2  
  144  16:43  Marauder x2  
  144  16:45  Thor x2  
  170  16:47  Hellbat x2  
  170  16:48  Medivac x2  
  170  16:49  Raven  
  176  16:57  Missile Turret  
  176  17:03  Marine  
  176  17:04  Marine x4  
  176  17:05  Marine  
  176  17:06  Marauder x2  
  186  17:10  Terran Ship Weapons Level 2  
  186  17:12  Neosteel Armor  
  186  17:13  Terran Infantry Weapons Level 3  
  186  17:14  Terran Vehicle And Ship Armor Level 3  
  186  17:16  Missile Turret  
  186  17:18  Hellbat x2  
  186  17:22  Medivac x2  
  194  17:23  Marine x2  
  194  17:24  Marine x2  
  194  17:27  Marauder  
  129  18:23  Marine  
  129  18:24  Marine x7  
  131  18:28  Cyclone x2  
  131  18:29  Hellbat x2  
  131  18:32  Battlecruiser  
  145  18:36  Medivac x2  
  149  18:41  Marine  
  149  18:42  Marine x7  
  157  18:53  Weapon Refit  
  157  18:59  Marine x7  
  157  19:00  Marauder  
  116  19:17  Marine x7  
  122  19:25  Thor  
  122  19:26  Hellbat x2  
  132  19:32  Marauder  
  132  19:35  Marine  
  132  19:37  Battlecruiser  
  132  19:38  Marine x4  
  143  19:39  Marine x2  
  143  19:45  Cyclone  
  150  19:53  Marine  
  128  20:56  Ghost  
  122  20:59  Cyclone  
  122  21:00  Hellbat x2, Ghost  
  122  21:02  Medivac x2  
  137  21:04  Marine x4  
  137  21:05  Marine x2  
  137  21:10  Raven  
  145  21:22  Marine x5  
  145  21:23  Marine  
  88  22:12  Marine x4  
  88  22:13  Marine x2  
  88  22:15  Marauder x2  
  96  22:54  Orbital Command  
  96  23:00  Orbital Command  
  96  23:07  Raven  
  92  23:59  SCV  
  92  24:00  SCV x2  
Show
View Real Time Build Order
Export as new Build Order

Sindyr Zerg - Winner!

Build Orders: Hatch First, Lurkers, Roach Hydra 

Get SALT Encoding   

  12  0:02  Drone  
  13  0:15  Overlord  
  13  0:19  Drone  
  14  0:25  Extractor  
  14  0:27  Extractor  
  13  0:28  Drone  
  13  0:30  Drone  
  16  0:53  Overlord  
  16  0:55  Drone  
  17  1:07  Hatchery  
  17  1:08  Drone  
  17  1:12  Extractor  
  17  1:13  Drone  
  17  1:21  Drone  
  18  1:28  Spawning Pool  
  17  1:37  Drone  
  18  1:51  Overlord  
  18  1:53  Drone  
  19  2:16  Queen  
  19  2:19  Queen  
  23  2:26  Baneling Nest  
  23  2:28  Drone x4  
  26  2:38  Drone  
  26  2:41  Metabolic Boost  
  27  2:48  Overlord  
  27  2:52  Overlord  
  27  3:04  Queen  
  29  3:25  Lair  
  29  3:28  Zergling x2  
  29  3:30  Zergling x2  
  29  3:32  Zergling x2, Hatchery  
  31  3:42  Extractor, Drone x3  
  31  3:45  Drone  
  34  4:04  Drone  
  34  4:05  Drone x6  
  34  4:06  Drone  
  42  4:17  Roach Warren  
  41  4:29  Evolution Chamber  
  40  4:31  Drone x3  
  40  4:33  Evolution Chamber  
  42  4:52  Queen  
  44  4:54  Drone x8  
  44  4:56  Drone  
  44  4:57  Drone  
  54  5:02  Zerg Missile Weapons Level 1  
  54  5:07  Zerg Ground Armor Level 1  
  54  5:13  Centrifugal Hooks  
  54  5:15  Glial Reconstitution  
  54  5:25  Extractor, Drone x3  
  54  5:26  Extractor  
  55  5:43  Drone x5  
  60  5:52  Drone  
  60  5:54  Overseer  
  60  5:55  Overseer  
  61  6:09  Hydralisk Den  
  60  6:28  Drone x3  
  60  6:29  Drone x2, Overlord x3  
  60  6:30  Overlord x4  
  65  6:44  Grooved Spines  
  65  7:06  Queen  
  65  7:07  Extractor x2  
  65  7:09  Zerg Missile Weapons Level 2, Zerg Ground Armor Level 2  
  65  7:13  Infestation Pit  
  65  7:14  Hatchery  
  63  7:34  Muscular Augments  
  63  7:42  Overlord x2  
  61  8:03  Spine Crawler  
  61  8:04  Spine Crawler x2  
  58  8:05  Hydralisk  
  58  8:06  Hydralisk x7, Roach x3  
  58  8:07  Roach x8, Hydralisk x4  
  58  8:08  Roach x4  
  58  8:09  Spine Crawler, Zergling x4  
  58  8:10  Zergling x4  
  114  8:14  Overlord x2  
  114  8:21  Hive  
  114  9:10  Drone x4  
  114  9:11  Drone x7  
  125  9:18  Tunneling Claws  
  125  9:21  Overseer x2  
  125  9:31  Hydralisk  
  125  9:32  Hydralisk x8  
  143  9:38  Spore Crawler x2  
  143  9:41  Spore Crawler  
  138  9:50  Zerg Missile Weapons Level 3, Zerg Ground Armor Level 3  
  130  10:00  Spore Crawler  
  130  10:01  Spore Crawler x2  
  130  10:03  Extractor  
  130  10:04  Spore Crawler, Extractor  
  124  10:10  Spore Crawler  
  124  10:11  Drone x2, Spore Crawler  
  124  10:12  Drone x3, Spore Crawler  
  124  10:13  Drone  
  127  10:20  Drone x4  
  131  10:55  Pneumatized Carapace  
  131  11:02  Lurker Den  
  130  11:19  Hatchery  
  129  11:26  Drone x5  
  129  11:27  Drone x4  
  129  11:30  Overlord x4  
  129  11:31  Overlord  
  138  11:38  Burrow  
  138  11:48  Spore Crawler  
  138  11:51  Spore Crawler  
  138  11:52  Spore Crawler  
  135  11:54  Drone  
  135  11:55  Drone x5  
  141  12:02  Hydralisk x3  
  141  12:03  Hydralisk x6, Roach x4  
  141  12:04  Roach x3  
  141  12:06  Roach  
  175  12:20  Hatchery  
  174  12:27  Adaptive Talons  
  174  12:47  Drone x2  
  176  13:17  Hydralisk x2, Roach  
  176  13:18  Roach x4  
  190  13:24  Seismic Spines  
  190  13:30  Zerg Melee Weapons Level 1  
  190  13:55  Drone  
  191  13:56  Overlord x4  
  191  14:06  Lurker  
  191  14:07  Lurker x4  
  196  14:36  Unknown  
  196  14:56  Lurker x4  
  200  16:24  Hydralisk x2  
  200  16:25  Roach x2  
  198  16:26  Roach  
  198  16:32  Hydralisk x2, Roach x14  
  200  16:33  Hydralisk, Roach  
  196  16:54  Zerg Melee Weapons Level 2  
  196  17:27  Extractor x2  
  194  17:43  Overseer  
  164  18:11  Hydralisk x3  
  164  18:12  Hydralisk x7, Roach x5  
  161  18:13  Hydralisk x8, Roach x8  
  161  18:14  Roach x4  
  177  18:20  Hydralisk  
  177  18:21  Hydralisk x5, Roach x2  
  177  18:22  Roach, Hydralisk x2  
  195  18:58  Hydralisk x3  
  195  18:59  Roach x3  
  195  19:01  Hydralisk  
  195  19:02  Hydralisk  
  199  19:25  Extractor  
  199  19:26  Zerg Melee Weapons Level 3  
  198  19:36  Hatchery  
  198  19:37  Roach  
  199  20:16  Hydralisk  
  199  20:17  Roach, Hydralisk  
  199  20:18  Hydralisk x2, Roach  
  199  20:19  Hydralisk  
  199  20:20  Hydralisk x3  
  199  20:21  Hydralisk x2  
  196  20:22  Hydralisk x6  
  196  20:26  Hydralisk x7, Roach x2  
  196  20:27  Hydralisk x3, Roach x5  
  196  20:28  Hydralisk x2  
  194  20:29  Roach x2  
  194  20:30  Hydralisk x2, Roach  
  194  20:31  Roach, Hydralisk  
  194  20:32  Hydralisk, Roach  
  184  20:50  Hydralisk  
  184  20:51  Hydralisk x7  
  196  21:38  Hydralisk x3  
  196  21:39  Hydralisk x2, Roach x4  
  200  21:40  Hydralisk, Roach  
  200  21:43  Hydralisk x4  
  200  21:44  Hydralisk, Roach x4  
  130  22:01  Ultralisk Cavern  
  129  22:18  Spawning Pool  
  129  22:21  Hydralisk  
  129  22:22  Hydralisk x18  
  144  22:25  Hydralisk x3  
  169  23:06  Queen  
  169  23:08  Ultralisk  
  169  23:09  Ultralisk x3  
  195  23:22  Queen  
  195  23:23  Extractor  
  195  23:25  Extractor  
Tags
 
Add a new tag
Caveats
  • Supply blocks, unpowered buildings, or Contaminate may cause inaccurate times.
  • Supply counts are checked every 10 seconds.